Harfangs vs Patriotes
Created - 14 décembre 2016 at 23:31
Goals
|
| Harfangs |
1 |
2 |
1 |
4 |
| Patriotes |
1 |
1 |
0 |
2 |
|
Shots
|
| Harfangs |
5 |
9 |
12 |
26 |
| Patriotes |
19 |
7 |
12 |
38 |
|
1st period
1. Harfangs , Calle Jarnkrok 3 (Dustin Jeffrey, Andrew Orpik) at 11:02
2. Patriotes , Jordie Benn 1 (Matt Calvert, Ryan Spooner) at 19:45
Penalties :
Timothy Kunes (Nyc) for Cross-checking (Minor) at 2:36
2nd period
3. Harfangs , Brandon Pirri 10 (Peter Olvecky, Dennis Everberg) at 1:15
4. Patriotes , Fedor Fedorov 7 (Ryan Wilson, Melker Karlsson) at 2:48
5. Harfangs , Dennis Everberg 8 (Brandon Pirri, Nick Holden) at 13:26
Penalties :
Jean-Gabriel Pageau (BEA) for Hooking (Minor) at 2:59, Roman Wick (BEA) for Holding (Minor) at 13:56
3rd period
6. Harfangs , Jean-Gabriel Pageau 12 (Alex Killorn, Roman Wick) at 11:39 (PP)
Penalties :
Zenon Konopka (Nyc) for Hooking (Minor) at 0:56, Nick Holden (BEA) for Roughing (Minor) at 5:57, Brett Skinner (Nyc) for Kneeing (Minor) at 10:37
Goalie Stats
Jeremy Duchesne (BEA), 36 saves from 38 shots - (0,947), W, 7-2-0, 60:00 minutes
Marek Schwarz (Nyc), 22 saves from 26 shots - (0,846), L, 8-8-0, 60:00 minutes
Players Stats for Harfangs
Player Name G A P +/- PIM S H SB GA TA FO MP PP MP PK MP
------------------------------------------------------------------------------------
Alex Killorn 0 1 1 -1 0 2 2 2 0 0 3/5 23:14 2:25 2:55
Alex Plante 0 0 0 1 0 0 0 2 0 0 0/0 8:56 0:00 0:00
Andrew Orpik 0 1 1 0 0 0 0 1 0 1 0/0 18:46 2:24 2:47
Angelo Esposito 0 0 0 0 0 0 0 0 0 0 0/0 0:10 0:06 0:00
Brandon Pirri 1 1 2 1 0 4 3 0 1 1 5/15 18:20 2:26 0:37
Brenden Kichton 0 0 0 0 0 0 0 0 0 0 0/0 2:22 0:00 0:00
Brian Lashoff 0 0 0 0 0 0 2 2 2 0 0/0 24:23 2:36 3:10
Calle Jarnkrok 1 0 1 1 0 1 0 0 0 0 1/3 12:46 0:00 0:00
Cam Fowler 0 0 0 0 0 0 0 5 0 0 0/0 24:23 2:36 3:10
Dennis Everberg 1 1 2 1 0 2 4 3 0 1 0/0 17:22 2:26 0:00
Dustin Jeffrey 0 1 1 1 0 4 1 1 1 0 0/0 13:52 0:00 1:06
Dylan Olsen 0 0 0 1 0 2 0 1 0 0 0/0 12:20 0:00 1:02
Jean-Gabriel Pageau 1 0 1 -1 2 2 2 0 1 0 10/29 17:41 2:28 0:00
Joel Armia 0 0 0 1 0 2 0 0 0 0 0/0 12:46 0:00 0:00
John Macfarland 0 0 0 0 0 0 0 0 0 0 0/0 1:27 0:00 1:19
Mark Alt 0 0 0 0 0 0 0 0 0 0 0/0 5:33 0:00 0:00
Mike Hoffman 0 0 0 0 0 0 0 0 0 0 0/0 4:17 0:15 0:31
Nick Holden 0 1 1 0 2 0 0 1 0 0 0/0 18:04 2:24 1:45
Peter Olvecky 0 1 1 1 0 4 3 0 0 1 0/1 20:18 2:26 2:55
Reid McNeill 0 0 0 0 0 0 1 0 0 0 0/0 5:33 0:00 0:00
Roman Cervenka 0 0 0 0 0 1 0 0 0 0 1/1 5:41 0:00 0:00
Roman Wick 0 1 1 -1 2 2 0 0 0 1 2/2 17:34 2:28 0:00
Tomas Tatar 0 0 0 0 0 0 0 0 0 0 0/0 8:12 0:00 2:31
Players Stats for Patriotes
Player Name G A P +/- PIM S H SB GA TA FO MP PP MP PK MP
------------------------------------------------------------------------------------
Anthony Bitetto 0 0 0 0 0 0 2 0 0 0 0/0 7:10 0:00 0:00
Austin Watson 0 0 0 -1 0 1 1 0 0 0 0/0 9:46 0:00 0:05
Brett Skinner 0 0 0 1 2 2 0 1 0 1 0/0 23:50 3:14 2:23
Fedor Fedorov 1 0 1 1 0 6 1 0 1 0 1/1 18:10 2:45 2:05
Jared Knight 0 0 0 -1 0 1 2 1 0 0 0/0 6:58 0:00 0:00
Joe Charlebois 0 0 0 -3 0 0 0 2 0 0 0/0 18:36 2:43 1:35
Jordie Benn 1 0 1 1 0 1 0 0 0 1 0/0 10:47 0:00 1:26
Lauri Tukonen 0 0 0 1 0 4 0 0 0 0 0/0 17:28 2:45 1:27
Matt Calvert 0 1 1 1 0 2 1 0 0 1 0/0 13:18 0:07 0:00
Mattias Weinhandl 0 0 0 -2 0 3 2 1 0 1 0/0 21:43 3:07 2:39
Melker Karlsson 0 1 1 1 0 0 0 0 0 0 10/15 15:18 2:45 0:00
Nigel Williams 0 0 0 1 0 0 0 0 0 0 0/0 9:52 0:00 0:31
Robbie Russo 0 0 0 0 0 0 0 0 0 0 0/0 0:00 0:00 0:00
Ryan Spooner 0 1 1 1 0 1 2 0 0 0 3/3 15:19 0:05 1:11
Ryan Wilson 0 1 1 1 0 5 3 0 2 0 0/0 24:53 3:14 3:25
Stephen Johns 0 0 0 0 0 0 0 1 0 0 0/0 7:10 0:00 0:00
Timothy Kunes 0 0 0 -3 2 2 1 1 0 0 0/0 17:47 2:43 0:40
Tomas Kurka 0 0 0 -3 0 5 3 1 2 0 3/4 23:59 3:07 2:33
Zack Stortini 0 0 0 1 0 0 0 1 0 0 0/0 12:14 0:05 0:00
Zenon Konopka 0 0 0 -2 2 5 2 0 0 1 17/33 20:39 3:05 0:00
3 Stars
1 - Dennis Everberg (BEA)
2 - Brandon Pirri (BEA)
3 - Jeremy Duchesne (BEA)
Power Play
Harfangs - 1 on 3 Attempt(s) - 33,33%
Patriotes - 0 on 3 Attempt(s) - 0,00%
Penalty Kill
Harfangs - 3 on 3 Attempt(s) - 100,00%
- Score 0 goal in Penalty Kill
Patriotes - 2 on 3 Attempt(s) - 66,67%
- Score 0 goal in Penalty Kill
Team Stat
Harfangs - Hits : 18 - Faceoff Wins : 22 - Blocked Shots : 18 - Penalty Minutes : 6
Patriotes - Hits : 20 - Faceoff Wins : 34 - Blocked Shots : 9 - Penalty Minutes : 6
Official
Referees : Leggo Mike and Auger Stephane
Linesman : Lyle Seitz and Derek Amell
Game Notes
Alex Plante is injured at 5:04 of 3rd period (Sore Left Knee)
Finance
Level 1 -- Attendance: 1554 (77,70%) -- Ticket Income 54 390 $
Level 2 -- Attendance: 707 (70,70%) -- Ticket Income 10 605 $
Total Attendance: 2261 (75,37%)
Total Ticket Income: 64 995 $
Other Income: 3 250 $
Total Income: 68 245 $
Harfangs
5 vs 5 Forward
Center Left Wing Right Wing Time % Phy DF OF
1 Jean-Gabriel Pageau Alex Killorn Roman Wick 40 1 2 2
2 Brandon Pirri Peter Olvecky Dennis Everberg 30 1 2 2
3 Calle Jarnkrok Dustin Jeffrey Joel Armia 20 1 2 2
4 Roman Cervenka Tomas Tatar Alex Killorn 10 1 2 2
5 vs 5 Defense
Defense Defense Time % Phy DF OF
1 Brian Lashoff Cam Fowler 40 1 2 2
2 Andrew Orpik Nick Holden 30 1 2 2
3 Dylan Olsen Alex Plante 20 1 2 2
4 Mark Alt Reid McNeill 10 1 2 2
PowerPlay Forward
Center Left Wing Right Wing Time % Phy DF OF
1 Jean-Gabriel Pageau Alex Killorn Roman Wick 60 1 2 2
2 Brandon Pirri Peter Olvecky Dennis Everberg 40 1 2 2
PowerPlay Defense
Defense Defense Time % Phy DF OF
1 Brian Lashoff Cam Fowler 60 1 2 2
2 Andrew Orpik Nick Holden 40 1 2 2
Penalty Kill 4 Players Forward
Center Wing Time % Phy DF OF
1 Alex Killorn Peter Olvecky 60 1 2 2
2 Dustin Jeffrey Tomas Tatar 40 1 2 2
Penalty Kill 4 Players Defense
Defense Defense Time % Phy DF OF
1 Brian Lashoff Cam Fowler 60 1 2 2
2 Andrew Orpik Nick Holden 40 1 2 2
Penalty Kill - 3 Players Forward
Forward Time % Phy DF OF
1 Alex Killorn 60 1 2 2
2 Peter Olvecky 40 1 2 2
Penalty Kill - 3 Players Defense
Defense Defense Time % Phy DF OF
1 Brian Lashoff Cam Fowler 60 1 2 2
2 Andrew Orpik Nick Holden 40 1 2 2
4 vs 4 Forward
Center Wing Time % Phy DF OF
1 Alex Killorn Peter Olvecky 60 1 2 2
2 Dustin Jeffrey Tomas Tatar 40 1 2 2
4 vs 4 Defense
Defense Defense Time % Phy DF OF
1 Brian Lashoff Cam Fowler 60 1 2 2
2 Andrew Orpik Nick Holden 40 1 2 2
Last Minutes Offensive
Center Left Wing Right Wing Defense Defense
Jean-Gabriel Pageau Alex Killorn Roman Wick Brian Lashoff Cam Fowler
Last Minutes Defensive
Center Left Wing Right Wing Defense Defense
Jean-Gabriel Pageau Alex Killorn Roman Wick Brian Lashoff Cam Fowler
Goaltenders
Starting : Jeremy Duchesne
Backup : Darcy Kuemper
Extra Forwards
Normal : Mike Hoffman, Angelo Esposito, John Macfarland - PP : Mike Hoffman, Angelo Esposito - PK : John Macfarland
Extra Defensemen
Normal : Brenden Kichton, Dylan Olsen, Alex Plante - PP : Brenden Kichton - PK : Dylan Olsen, Alex Plante
Penalty Shots
Alex Killorn, Peter Olvecky, Dustin Jeffrey, Tomas Tatar, Jean-Gabriel Pageau
Patriotes
5 vs 5 Forward
Center Left Wing Right Wing Time % Phy DF OF
1 Zenon Konopka Tomas Kurka Mattias Weinhandl 40 1 2 2
2 Melker Karlsson Fedor Fedorov Lauri Tukonen 30 1 2 2
3 Ryan Spooner Matt Calvert Zack Stortini 20 1 2 2
4 Jared Knight Austin Watson Tomas Kurka 10 1 2 2
5 vs 5 Defense
Defense Defense Time % Phy DF OF
1 Brett Skinner Ryan Wilson 40 1 2 2
2 Timothy Kunes Joe Charlebois 30 1 2 2
3 Jordie Benn Nigel Williams 20 1 2 2
4 Anthony Bitetto Stephen Johns 10 1 2 2
PowerPlay Forward
Center Left Wing Right Wing Time % Phy DF OF
1 Zenon Konopka Tomas Kurka Mattias Weinhandl 60 1 2 2
2 Melker Karlsson Fedor Fedorov Lauri Tukonen 40 1 2 2
PowerPlay Defense
Defense Defense Time % Phy DF OF
1 Brett Skinner Ryan Wilson 60 1 2 2
2 Timothy Kunes Joe Charlebois 40 1 2 2
Penalty Kill 4 Players Forward
Center Wing Time % Phy DF OF
1 Tomas Kurka Mattias Weinhandl 60 1 2 2
2 Fedor Fedorov Lauri Tukonen 40 1 2 2
Penalty Kill 4 Players Defense
Defense Defense Time % Phy DF OF
1 Brett Skinner Ryan Wilson 60 1 2 2
2 Timothy Kunes Joe Charlebois 40 1 2 2
Penalty Kill - 3 Players Forward
Forward Time % Phy DF OF
1 Tomas Kurka 60 1 2 2
2 Mattias Weinhandl 40 1 2 2
Penalty Kill - 3 Players Defense
Defense Defense Time % Phy DF OF
1 Brett Skinner Ryan Wilson 60 1 2 2
2 Timothy Kunes Joe Charlebois 40 1 2 2
4 vs 4 Forward
Center Wing Time % Phy DF OF
1 Tomas Kurka Mattias Weinhandl 60 1 2 2
2 Fedor Fedorov Lauri Tukonen 40 1 2 2
4 vs 4 Defense
Defense Defense Time % Phy DF OF
1 Brett Skinner Ryan Wilson 60 1 2 2
2 Timothy Kunes Joe Charlebois 40 1 2 2
Last Minutes Offensive
Center Left Wing Right Wing Defense Defense
Zenon Konopka Tomas Kurka Mattias Weinhandl Brett Skinner Ryan Wilson
Last Minutes Defensive
Center Left Wing Right Wing Defense Defense
Zenon Konopka Tomas Kurka Mattias Weinhandl Brett Skinner Ryan Wilson
Goaltenders
Starting : Marek Schwarz
Backup : Jason Missiaen
Extra Forwards
Normal : Matt Calvert, Zack Stortini, Ryan Spooner - PP : Matt Calvert, Zack Stortini - PK : Ryan Spooner
Extra Defensemen
Normal : Robbie Russo, Jordie Benn, Nigel Williams - PP : Robbie Russo - PK : Jordie Benn, Nigel Williams
Penalty Shots
Tomas Kurka, Mattias Weinhandl, Fedor Fedorov, Lauri Tukonen, Matt Calvert
% Time on Ice - Harfangs
Lines # - Real PCT - Wanted PCT - Time Play
Normal Forward
1 - 32% - 40% - 15:40
2 - 30% - 30% - 14:56
3 - 26% - 20% - 12:46
4 - 12% - 10% - 5:41
Normal Defense
1 - 38% - 40% - 18:37
2 - 28% - 30% - 13:35
3 - 23% - 20% - 11:18
4 - 11% - 10% - 5:33
PP Forward
1 - 51% - 60% - 2:34
2 - 49% - 40% - 2:26
PP Defense
1 - 52% - 60% - 2:36
2 - 48% - 40% - 2:24
PK Forward
1 - 82% - 60% - 4:51
2 - 18% - 40% - 1:06
PK Defense
1 - 53% - 60% - 3:10
2 - 47% - 40% - 2:47
PK3 Forward
1 - 0% - 60%
2 - 0% - 40%
PK3 Defense
1 - 0% - 60%
2 - 0% - 40%
44 Forward
1 - 0% - 60%
2 - 0% - 40%
44 Defense
1 - 0% - 60%
2 - 0% - 40%
Last Minute Offensive - 0:00
Last Minute Defensive - 0:00
Total
Forward - 60:00
Defense - 60:00
|
% Time on Ice - Patriotes
Lines # - Real PCT - Wanted PCT - Time Play
Normal Forward
1 - 37% - 40% - 18:17
2 - 25% - 30% - 12:22
3 - 23% - 20% - 11:26
4 - 14% - 10% - 6:58
Normal Defense
1 - 37% - 40% - 18:14
2 - 29% - 30% - 14:18
3 - 19% - 20% - 9:21
4 - 15% - 10% - 7:10
PP Forward
1 - 54% - 60% - 3:12
2 - 46% - 40% - 2:45
PP Defense
1 - 54% - 60% - 3:14
2 - 46% - 40% - 2:43
PK Forward
1 - 71% - 60% - 3:33
2 - 29% - 40% - 1:27
PK Defense
1 - 68% - 60% - 3:25
2 - 32% - 40% - 1:35
PK3 Forward
1 - 0% - 60%
2 - 0% - 40%
PK3 Defense
1 - 0% - 60%
2 - 0% - 40%
44 Forward
1 - 0% - 60%
2 - 0% - 40%
44 Defense
1 - 0% - 60%
2 - 0% - 40%
Last Minute Offensive - 0:00
Last Minute Defensive - 0:00
Total
Forward - 60:00
Defense - 60:00
|
Play by Play
1st period
0:01 of 1st period - Jean-Gabriel Pageau wins face-off versus Zenon Konopka in neutral zone.
0:08 of 1st period - Wrist shot by Roman Wick.
0:08 of 1st period - Shot Blocked by Brett Skinner.
0:10 of 1st period - Wrist shot by Cam Fowler.
0:10 of 1st period - Shot Misses the Net.
0:12 of 1st period - Wrist shot by Roman Wick.
0:12 of 1st period - Stopped by Marek Schwarz with a rebound.
0:14 of 1st period - Wrist shot by Roman Wick.
0:14 of 1st period - Stopped by Marek Schwarz with a rebound.
0:31 of 1st period - Timothy Kunes is hit by Peter Olvecky and loses puck.
1:50 of 1st period - Dylan Olsen is hit by Anthony Bitetto and loses puck.
2:36 of 1st period - Minor Penalty to Timothy Kunes for Cross-checking.
2:37 of 1st period - Tomas Kurka wins face-off versus Jean-Gabriel Pageau in Patriotes zone.
3:13 of 1st period - Fedor Fedorov is hit by Peter Olvecky and loses puck.
4:23 of 1st period - Dennis Everberg is hit by Ryan Spooner and loses puck.
4:36 of 1st period - Penalty to Timothy Kunes is over, Timothy Kunes is back on ice.
6:32 of 1st period - Tomas Tatar is hit by Fedor Fedorov and loses puck.
7:00 of 1st period - Icing by Joe Charlebois.
7:01 of 1st period - Jean-Gabriel Pageau wins face-off versus Zenon Konopka in Patriotes zone.
7:12 of 1st period - Snap shot by Brandon Pirri.
7:12 of 1st period - Shot Blocked by Joe Charlebois.
7:19 of 1st period - Icing by Joe Charlebois.
7:20 of 1st period - Melker Karlsson wins face-off versus Calle Jarnkrok in Patriotes zone.
7:51 of 1st period - Wrist shot by Tomas Kurka.
7:51 of 1st period - Shot Blocked by Dustin Jeffrey.
8:13 of 1st period - Slapshot by Ryan Wilson.
8:13 of 1st period - Shot Blocked by Brian Lashoff.
8:15 of 1st period - Wrist shot by Matt Calvert.
8:15 of 1st period - Stopped by Jeremy Duchesne with a rebound.
9:32 of 1st period - Slapshot by Mattias Weinhandl.
9:32 of 1st period - Stopped by Jeremy Duchesne without a rebound.
9:33 of 1st period - Zenon Konopka wins face-off versus Calle Jarnkrok in Harfangs zone.
9:36 of 1st period - Snap shot by Zenon Konopka.
9:36 of 1st period - Stopped by Jeremy Duchesne without a rebound.
9:37 of 1st period - Zenon Konopka wins face-off versus Brandon Pirri in Harfangs zone.
9:38 of 1st period - Wrist shot by Mattias Weinhandl.
9:38 of 1st period - Deflect By Tomas Kurka.
9:38 of 1st period - Stopped by Jeremy Duchesne without a rebound.
9:39 of 1st period - Zenon Konopka wins face-off versus Brandon Pirri in Harfangs zone.
9:42 of 1st period - Wrist shot by Zenon Konopka.
9:42 of 1st period - Shot Misses the Net.
9:44 of 1st period - Wrist shot by Brett Skinner.
9:44 of 1st period - Stopped by Jeremy Duchesne without a rebound.
9:45 of 1st period - Zenon Konopka wins face-off versus Brandon Pirri in Harfangs zone.
9:48 of 1st period - Snap shot by Mattias Weinhandl.
9:48 of 1st period - Stopped by Jeremy Duchesne without a rebound.
9:49 of 1st period - Zenon Konopka wins face-off versus Jean-Gabriel Pageau in Harfangs zone.
10:08 of 1st period - Wrist shot by Tomas Kurka.
10:08 of 1st period - Shot Misses the Net.
10:10 of 1st period - Snap shot by Zenon Konopka.
10:10 of 1st period - Shot Misses the Net.
10:12 of 1st period - Slapshot by Tomas Kurka.
10:12 of 1st period - Stopped by Jeremy Duchesne without a rebound.
10:13 of 1st period - Melker Karlsson wins face-off versus Brandon Pirri in Harfangs zone.
10:14 of 1st period - Wrist shot by Fedor Fedorov.
10:14 of 1st period - Shot Blocked by Brian Lashoff.
10:22 of 1st period - Wrist shot by Fedor Fedorov.
10:22 of 1st period - Stopped by Jeremy Duchesne with a rebound.
11:00 of 1st period - Snap shot by Calle Jarnkrok.
11:00 of 1st period - Shot Misses the Net.
11:02 of 1st period - Snap shot by Calle Jarnkrok.
11:02 of 1st period - Goal by Calle Jarnkrok - Harfangs : 1 - Patriotes : 0.
11:03 of 1st period - Zenon Konopka wins face-off versus Jean-Gabriel Pageau in neutral zone.
11:33 of 1st period - Slapshot by Fedor Fedorov.
11:33 of 1st period - Stopped by Jeremy Duchesne with a rebound.
11:35 of 1st period - Wrist shot by Lauri Tukonen.
11:35 of 1st period - Shot Misses the Net.
11:37 of 1st period - Snap shot by Lauri Tukonen.
11:37 of 1st period - Stopped by Jeremy Duchesne without a rebound.
11:38 of 1st period - Zenon Konopka wins face-off versus Jean-Gabriel Pageau in Harfangs zone.
11:41 of 1st period - Backhand shot by Mattias Weinhandl.
11:41 of 1st period - Shot Blocked by Alex Killorn.
12:20 of 1st period - Calle Jarnkrok is hit by Ryan Wilson and loses puck.
12:35 of 1st period - Snap shot by Brandon Pirri.
12:35 of 1st period - Shot Misses the Net.
12:37 of 1st period - Backhand shot by Peter Olvecky.
12:37 of 1st period - Stopped by Marek Schwarz with a rebound.
12:39 of 1st period - Snap shot by Dennis Everberg.
12:39 of 1st period - Deflect By Brandon Pirri.
12:39 of 1st period - Shot Blocked by Zack Stortini.
12:39 of 1st period - Puck is out of play.
12:40 of 1st period - Roman Wick wins face-off versus Zenon Konopka in Patriotes zone.
12:55 of 1st period - Slapshot by Tomas Kurka.
12:55 of 1st period - Stopped by Jeremy Duchesne with a rebound.
13:12 of 1st period - Joe Charlebois is hit by Alex Killorn and loses puck.
13:33 of 1st period - Snap shot by Lauri Tukonen.
13:33 of 1st period - Shot Hit the Post.
13:35 of 1st period - Slapshot by Ryan Wilson.
13:35 of 1st period - Deflect By Fedor Fedorov.
13:35 of 1st period - Stopped by Jeremy Duchesne without a rebound.
13:36 of 1st period - Zenon Konopka wins face-off versus Peter Olvecky in Harfangs zone.
13:59 of 1st period - Mattias Weinhandl is hit by Dennis Everberg.
15:02 of 1st period - Zenon Konopka is hit by Dennis Everberg and loses puck.
15:33 of 1st period - Wrist shot by Matt Calvert.
15:33 of 1st period - Stopped by Jeremy Duchesne with a rebound.
15:46 of 1st period - Wrist shot by Alex Killorn.
15:46 of 1st period - Shot Blocked by Jared Knight.
16:10 of 1st period - Roman Wick is hit by Matt Calvert and loses puck.
16:21 of 1st period - Jean-Gabriel Pageau is hit by Ryan Wilson and loses puck.
17:05 of 1st period - Off-side.
17:06 of 1st period - Zenon Konopka wins face-off versus Brandon Pirri in neutral zone.
17:50 of 1st period - Snap shot by Alex Killorn.
17:50 of 1st period - Shot Blocked by Timothy Kunes.
17:52 of 1st period - Wrist shot by Jean-Gabriel Pageau.
17:52 of 1st period - Shot Misses the Net.
18:59 of 1st period - Wrist shot by Brett Skinner.
18:59 of 1st period - Stopped by Jeremy Duchesne without a rebound.
19:00 of 1st period - Melker Karlsson wins face-off versus Jean-Gabriel Pageau in Harfangs zone.
19:01 of 1st period - Wrist shot by Lauri Tukonen.
19:01 of 1st period - Stopped by Jeremy Duchesne without a rebound.
19:02 of 1st period - Melker Karlsson wins face-off versus Brandon Pirri in Harfangs zone.
19:07 of 1st period - Wrist shot by Lauri Tukonen.
19:07 of 1st period - Stopped by Jeremy Duchesne without a rebound.
19:08 of 1st period - Zenon Konopka wins face-off versus Brandon Pirri in Harfangs zone.
19:09 of 1st period - Wrist shot by Mattias Weinhandl.
19:09 of 1st period - Stopped by Jeremy Duchesne without a rebound.
19:10 of 1st period - Brandon Pirri wins face-off versus Zenon Konopka in Harfangs zone.
19:17 of 1st period - Backhand shot by Mattias Weinhandl.
19:17 of 1st period - Shot Misses the Net.
19:21 of 1st period - Snap shot by Tomas Kurka.
19:21 of 1st period - Shot Blocked by Cam Fowler.
19:23 of 1st period - Wrist shot by Mattias Weinhandl.
19:23 of 1st period - Shot Blocked by Cam Fowler.
19:37 of 1st period - Wrist shot by Ryan Spooner.
19:37 of 1st period - Stopped by Jeremy Duchesne with a rebound.
19:39 of 1st period - Wrist shot by Matt Calvert.
19:39 of 1st period - Shot Blocked by Dennis Everberg.
19:41 of 1st period - Snap shot by Ryan Spooner.
19:41 of 1st period - Shot Blocked by Dennis Everberg.
19:43 of 1st period - Snap shot by Matt Calvert.
19:43 of 1st period - Shot Misses the Net.
19:45 of 1st period - Slapshot by Jordie Benn.
19:45 of 1st period - Goal by Jordie Benn - Harfangs : 1 - Patriotes : 1.
19:46 of 1st period - Roman Wick wins face-off versus Zenon Konopka in neutral zone.
19:49 of 1st period - Slapshot by Alex Killorn.
19:49 of 1st period - Stopped by Marek Schwarz without a rebound.
19:50 of 1st period - Zenon Konopka wins face-off versus Jean-Gabriel Pageau in Patriotes zone.
Goals for this period are 1 for Harfangs vs 1 for Patriotes.
Shots for this period are 5 for Harfangs vs 19 for Patriotes.
2nd period
0:01 of 2nd period - Zenon Konopka wins face-off versus Alex Killorn in neutral zone.
0:12 of 2nd period - Snap shot by Roman Wick.
0:12 of 2nd period - Shot Misses the Net.
0:20 of 2nd period - Alex Killorn is hit by Tomas Kurka and loses puck.
0:41 of 2nd period - Wrist shot by Matt Calvert.
0:41 of 2nd period - Shot Misses the Net.
1:15 of 2nd period - Wrist shot by Brandon Pirri.
1:15 of 2nd period - Goal by Brandon Pirri - Harfangs : 2 - Patriotes : 1.
1:16 of 2nd period - Brandon Pirri wins face-off versus Zenon Konopka in neutral zone.
1:25 of 2nd period - Snap shot by Brandon Pirri.
1:25 of 2nd period - Stopped by Marek Schwarz without a rebound.
1:26 of 2nd period - Brandon Pirri wins face-off versus Zenon Konopka in Patriotes zone.
1:27 of 2nd period - Snap shot by Peter Olvecky.
1:27 of 2nd period - Shot Misses the Net.
1:33 of 2nd period - Zenon Konopka is hit by Brandon Pirri and loses puck.
1:56 of 2nd period - Mattias Weinhandl is hit by Brandon Pirri and loses puck.
2:33 of 2nd period - Nick Holden is hit by Mattias Weinhandl and loses puck.
2:40 of 2nd period - Wrist shot by Zenon Konopka.
2:40 of 2nd period - Shot Misses the Net.
2:42 of 2nd period - Snap shot by Tomas Kurka.
2:42 of 2nd period - Stopped by Jeremy Duchesne without a rebound.
2:43 of 2nd period - Melker Karlsson wins face-off versus Jean-Gabriel Pageau in Harfangs zone.
2:48 of 2nd period - Slapshot by Fedor Fedorov.
2:48 of 2nd period - Goal by Fedor Fedorov - Harfangs : 2 - Patriotes : 2.
2:49 of 2nd period - Melker Karlsson wins face-off versus Jean-Gabriel Pageau in neutral zone.
2:52 of 2nd period - Slapshot by Ryan Wilson.
2:52 of 2nd period - Stopped by Jeremy Duchesne without a rebound.
2:53 of 2nd period - Melker Karlsson wins face-off versus Jean-Gabriel Pageau in Harfangs zone.
2:54 of 2nd period - Snap shot by Ryan Wilson.
2:54 of 2nd period - Stopped by Jeremy Duchesne without a rebound.
2:55 of 2nd period - Melker Karlsson wins face-off versus Jean-Gabriel Pageau in Harfangs zone.
2:59 of 2nd period - Minor Penalty to Jean-Gabriel Pageau for Hooking.
3:00 of 2nd period - Zenon Konopka wins face-off versus Alex Killorn in Harfangs zone.
3:10 of 2nd period - Wrist shot by Zenon Konopka.
3:10 of 2nd period - Stopped by Jeremy Duchesne with a rebound.
3:12 of 2nd period - Slapshot by Ryan Wilson.
3:12 of 2nd period - Shot Misses the Net.
3:14 of 2nd period - Slapshot by Mattias Weinhandl.
3:14 of 2nd period - Shot Blocked by Alex Killorn.
4:59 of 2nd period - Penalty to Jean-Gabriel Pageau is over, Jean-Gabriel Pageau is back on ice.
5:30 of 2nd period - Slapshot by Dustin Jeffrey.
5:30 of 2nd period - Shot Misses the Net.
5:50 of 2nd period - Slapshot by Dennis Everberg.
5:50 of 2nd period - Shot Blocked by Tomas Kurka.
6:48 of 2nd period - Calle Jarnkrok is hit by Mattias Weinhandl.
6:58 of 2nd period - Andrew Orpik is hit by Tomas Kurka and loses puck.
9:41 of 2nd period - Wrist shot by Peter Olvecky.
9:41 of 2nd period - Shot Misses the Net.
9:51 of 2nd period - Zack Stortini is hit by Jean-Gabriel Pageau and loses puck.
11:37 of 2nd period - Wrist shot by Joel Armia.
11:37 of 2nd period - Stopped by Marek Schwarz without a rebound.
11:38 of 2nd period - Calle Jarnkrok wins face-off versus Zenon Konopka in Patriotes zone.
11:39 of 2nd period - Snap shot by Dustin Jeffrey.
11:39 of 2nd period - Stopped by Marek Schwarz with a rebound.
12:03 of 2nd period - Melker Karlsson is hit by Dennis Everberg and loses puck.
12:22 of 2nd period - Ryan Spooner is hit by Jean-Gabriel Pageau and loses puck.
12:27 of 2nd period - Snap shot by Alex Killorn.
12:27 of 2nd period - Stopped by Marek Schwarz without a rebound.
12:28 of 2nd period - Zenon Konopka wins face-off versus Jean-Gabriel Pageau in Patriotes zone.
12:32 of 2nd period - Off-side.
12:33 of 2nd period - Jean-Gabriel Pageau wins face-off versus Zenon Konopka in neutral zone.
13:00 of 2nd period - Slapshot by Peter Olvecky.
13:00 of 2nd period - Stopped by Marek Schwarz with a rebound.
13:02 of 2nd period - Wrist shot by Brandon Pirri.
13:02 of 2nd period - Stopped by Marek Schwarz without a rebound.
13:03 of 2nd period - Fedor Fedorov wins face-off versus Brandon Pirri in Patriotes zone.
13:24 of 2nd period - Snap shot by Brandon Pirri.
13:24 of 2nd period - Stopped by Marek Schwarz with a rebound.
13:26 of 2nd period - Wrist shot by Dennis Everberg.
13:26 of 2nd period - Goal by Dennis Everberg - Harfangs : 3 - Patriotes : 2.
13:27 of 2nd period - Zenon Konopka wins face-off versus Jean-Gabriel Pageau in neutral zone.
13:37 of 2nd period - Off-side.
13:38 of 2nd period - Jean-Gabriel Pageau wins face-off versus Zenon Konopka in neutral zone.
13:47 of 2nd period - Slapshot by Brett Skinner.
13:47 of 2nd period - Shot Blocked by Cam Fowler.
13:49 of 2nd period - Wrist shot by Zenon Konopka.
13:49 of 2nd period - Shot Blocked by Cam Fowler.
13:51 of 2nd period - Slapshot by Ryan Wilson.
13:51 of 2nd period - Deflect By Roman Wick.
13:51 of 2nd period - Stopped by Jeremy Duchesne with a rebound.
13:56 of 2nd period - Minor Penalty to Roman Wick for Holding.
13:57 of 2nd period - Alex Killorn wins face-off versus Zenon Konopka in Harfangs zone.
14:09 of 2nd period - Slapshot by Ryan Wilson.
14:09 of 2nd period - Stopped by Jeremy Duchesne with a rebound.
15:56 of 2nd period - Penalty to Roman Wick is over, Roman Wick is back on ice.
16:03 of 2nd period - Timothy Kunes is hit by Dustin Jeffrey and loses puck.
16:12 of 2nd period - Dustin Jeffrey is hit by Jared Knight and loses puck.
16:25 of 2nd period - Tomas Kurka is hit by Reid McNeill and loses puck.
16:32 of 2nd period - Jean-Gabriel Pageau is hit by Jared Knight and loses puck.
16:47 of 2nd period - Wrist shot by Brandon Pirri.
16:47 of 2nd period - Shot Blocked by Stephen Johns.
19:23 of 2nd period - Dylan Olsen is hit by Anthony Bitetto and loses puck.
Goals for this period are 2 for Harfangs vs 1 for Patriotes.
Shots for this period are 9 for Harfangs vs 7 for Patriotes.
3rd period
0:01 of 3rd period - Jean-Gabriel Pageau wins face-off versus Zenon Konopka in neutral zone.
0:14 of 3rd period - Slapshot by Jean-Gabriel Pageau.
0:14 of 3rd period - Shot Misses the Net.
0:26 of 3rd period - Ryan Wilson is hit by Brandon Pirri and loses puck.
0:33 of 3rd period - Slapshot by Fedor Fedorov.
0:33 of 3rd period - Stopped by Jeremy Duchesne with a rebound.
0:35 of 3rd period - Snap shot by Fedor Fedorov.
0:35 of 3rd period - Stopped by Jeremy Duchesne without a rebound.
0:36 of 3rd period - Jean-Gabriel Pageau wins face-off versus Zenon Konopka in Harfangs zone.
0:36 of 3rd period - Jean-Gabriel Pageau is hit by Zenon Konopka.
0:56 of 3rd period - Minor Penalty to Zenon Konopka for Hooking.
0:57 of 3rd period - Tomas Kurka wins face-off versus Jean-Gabriel Pageau in Patriotes zone.
1:32 of 3rd period - Wrist shot by Peter Olvecky.
1:32 of 3rd period - Stopped by Marek Schwarz with a rebound.
2:56 of 3rd period - Penalty to Zenon Konopka is over, Zenon Konopka is back on ice.
3:18 of 3rd period - Calle Jarnkrok is hit by Austin Watson and loses puck.
3:29 of 3rd period - Calle Jarnkrok is hit by Ryan Spooner and loses puck.
3:46 of 3rd period - Snap shot by Austin Watson.
3:46 of 3rd period - Shot Misses the Net.
3:48 of 3rd period - Snap shot by Austin Watson.
3:48 of 3rd period - Stopped by Jeremy Duchesne with a rebound.
3:50 of 3rd period - Wrist shot by Zenon Konopka.
3:50 of 3rd period - Shot Misses the Net.
3:52 of 3rd period - Wrist shot by Austin Watson.
3:52 of 3rd period - Shot Misses the Net.
4:24 of 3rd period - Slapshot by Zenon Konopka.
4:24 of 3rd period - Shot Misses the Net.
4:26 of 3rd period - Slapshot by Ryan Spooner.
4:26 of 3rd period - Shot Blocked by Dylan Olsen.
4:40 of 3rd period - Snap shot by Ryan Spooner.
4:40 of 3rd period - Shot Blocked by Alex Plante.
4:42 of 3rd period - Snap shot by Zenon Konopka.
4:42 of 3rd period - Stopped by Jeremy Duchesne with a rebound.
4:58 of 3rd period - Wrist shot by Ryan Spooner.
4:58 of 3rd period - Deflect By Zenon Konopka.
4:58 of 3rd period - Stopped by Jeremy Duchesne with a rebound.
5:00 of 3rd period - Slapshot by Zenon Konopka.
5:00 of 3rd period - Stopped by Jeremy Duchesne with a rebound.
5:02 of 3rd period - Wrist shot by Austin Watson.
5:02 of 3rd period - Shot Misses the Net.
5:04 of 3rd period - Wrist shot by Austin Watson.
5:04 of 3rd period - Shot Blocked by Alex Plante.
5:04 of 3rd period - Alex Plante from Harfangs is injured at 5:04 of 3rd period (Sore Left Knee).
5:05 of 3rd period - Jean-Gabriel Pageau wins face-off versus Melker Karlsson in Harfangs zone.
5:12 of 3rd period - Brett Skinner is hit by Alex Killorn.
5:38 of 3rd period - Wrist shot by Mattias Weinhandl.
5:38 of 3rd period - Deflect By Brian Lashoff.
5:38 of 3rd period - Shot Misses the Net.
5:38 of 3rd period - Puck is out of play.
5:39 of 3rd period - Zenon Konopka wins face-off versus Jean-Gabriel Pageau in Harfangs zone.
5:40 of 3rd period - Wrist shot by Tomas Kurka.
5:40 of 3rd period - Shot Blocked by Nick Holden.
5:42 of 3rd period - Snap shot by Tomas Kurka.
5:42 of 3rd period - Stopped by Jeremy Duchesne with a rebound.
5:44 of 3rd period - Slapshot by Joe Charlebois.
5:44 of 3rd period - Shot Blocked by Andrew Orpik.
5:46 of 3rd period - Snap shot by Tomas Kurka.
5:46 of 3rd period - Shot Misses the Net.
5:48 of 3rd period - Slapshot by Joe Charlebois.
5:48 of 3rd period - Shot Misses the Net.
5:50 of 3rd period - Wrist shot by Mattias Weinhandl.
5:50 of 3rd period - Shot Misses the Net.
5:52 of 3rd period - Slapshot by Timothy Kunes.
5:52 of 3rd period - Stopped by Jeremy Duchesne with a rebound.
5:57 of 3rd period - Minor Penalty to Nick Holden for Roughing.
5:58 of 3rd period - Alex Killorn wins face-off versus Zenon Konopka in Harfangs zone.
6:06 of 3rd period - Peter Olvecky is hit by Tomas Kurka.
7:57 of 3rd period - Penalty to Nick Holden is over, Nick Holden is back on ice.
10:37 of 3rd period - Minor Penalty to Brett Skinner for Kneeing.
10:38 of 3rd period - Tomas Kurka wins face-off versus Jean-Gabriel Pageau in Patriotes zone.
10:46 of 3rd period - Backhand shot by Jean-Gabriel Pageau.
10:46 of 3rd period - Stopped by Marek Schwarz with a rebound.
10:48 of 3rd period - Wrist shot by Jean-Gabriel Pageau.
10:48 of 3rd period - Shot Blocked by Mattias Weinhandl.
11:02 of 3rd period - Snap shot by Peter Olvecky.
11:02 of 3rd period - Deflect By Dennis Everberg.
11:02 of 3rd period - Shot Misses the Net.
11:02 of 3rd period - Puck is out of play.
11:03 of 3rd period - Brandon Pirri wins face-off versus Tomas Kurka in Patriotes zone.
11:06 of 3rd period - Snap shot by Brandon Pirri.
11:06 of 3rd period - Shot Misses the Net.
11:39 of 3rd period - Snap shot by Jean-Gabriel Pageau.
11:39 of 3rd period - Goal by Jean-Gabriel Pageau - Harfangs : 4 - Patriotes : 2.
11:40 of 3rd period - Jean-Gabriel Pageau wins face-off versus Melker Karlsson in neutral zone.
11:42 of 3rd period - Off-side.
11:43 of 3rd period - Melker Karlsson wins face-off versus Jean-Gabriel Pageau in neutral zone.
12:15 of 3rd period - Brian Lashoff is hit by Ryan Wilson and loses puck.
12:50 of 3rd period - Slapshot by Timothy Kunes.
12:50 of 3rd period - Stopped by Jeremy Duchesne with a rebound.
12:52 of 3rd period - Wrist shot by Jared Knight.
12:52 of 3rd period - Stopped by Jeremy Duchesne without a rebound.
12:53 of 3rd period - Roman Cervenka wins face-off versus Melker Karlsson in Harfangs zone.
12:53 of 3rd period - Roman Cervenka is hit by Timothy Kunes.
13:01 of 3rd period - Wrist shot by Tomas Tatar.
13:01 of 3rd period - Shot Hit the Post.
13:03 of 3rd period - Slapshot by Dylan Olsen.
13:03 of 3rd period - Shot Blocked by Joe Charlebois.
13:09 of 3rd period - Snap shot by Tomas Tatar.
13:09 of 3rd period - Shot Misses the Net.
13:11 of 3rd period - Slapshot by Tomas Tatar.
13:11 of 3rd period - Shot Misses the Net.
13:13 of 3rd period - Slapshot by Dylan Olsen.
13:13 of 3rd period - Stopped by Marek Schwarz without a rebound.
13:14 of 3rd period - Zenon Konopka wins face-off versus Brandon Pirri in Patriotes zone.
13:39 of 3rd period - Jordie Benn is hit by Brian Lashoff and loses puck.
14:08 of 3rd period - Wrist shot by Dustin Jeffrey.
14:08 of 3rd period - Stopped by Marek Schwarz with a rebound.
14:42 of 3rd period - Snap shot by Peter Olvecky.
14:42 of 3rd period - Stopped by Marek Schwarz with a rebound.
14:48 of 3rd period - Tomas Kurka is hit by Peter Olvecky and loses puck.
15:09 of 3rd period - Snap shot by Dustin Jeffrey.
15:09 of 3rd period - Stopped by Marek Schwarz with a rebound.
15:11 of 3rd period - Wrist shot by Joel Armia.
15:11 of 3rd period - Stopped by Marek Schwarz without a rebound.
15:12 of 3rd period - Ryan Spooner wins face-off versus Jean-Gabriel Pageau in Patriotes zone.
15:12 of 3rd period - Ryan Spooner is hit by Brian Lashoff.
15:42 of 3rd period - Slapshot by Ryan Wilson.
15:42 of 3rd period - Deflect By Dennis Everberg.
15:42 of 3rd period - Stopped by Jeremy Duchesne without a rebound.
15:43 of 3rd period - Alex Killorn wins face-off versus Melker Karlsson in Harfangs zone.
15:54 of 3rd period - Snap shot by Lauri Tukonen.
15:54 of 3rd period - Stopped by Jeremy Duchesne with a rebound.
15:56 of 3rd period - Slapshot by Timothy Kunes.
15:56 of 3rd period - Deflect By Lauri Tukonen.
15:56 of 3rd period - Shot Misses the Net.
15:56 of 3rd period - Puck is out of play.
15:57 of 3rd period - Ryan Spooner wins face-off versus Brandon Pirri in Harfangs zone.
16:00 of 3rd period - Wrist shot by Matt Calvert.
16:00 of 3rd period - Shot Blocked by Cam Fowler.
16:24 of 3rd period - Alex Killorn is hit by Zenon Konopka and loses puck.
16:30 of 3rd period - Off-side.
16:31 of 3rd period - Jean-Gabriel Pageau wins face-off versus Zenon Konopka in neutral zone.
17:22 of 3rd period - Snap shot by Dustin Jeffrey.
17:22 of 3rd period - Stopped by Marek Schwarz without a rebound.
17:23 of 3rd period - Jean-Gabriel Pageau wins face-off versus Melker Karlsson in Patriotes zone.
17:24 of 3rd period - Slapshot by Roman Wick.
17:24 of 3rd period - Shot Hit the Post.
17:26 of 3rd period - Slapshot by Dylan Olsen.
17:26 of 3rd period - Stopped by Marek Schwarz without a rebound.
17:27 of 3rd period - Ryan Spooner wins face-off versus Jean-Gabriel Pageau in Patriotes zone.
18:04 of 3rd period - Slapshot by Brett Skinner.
18:04 of 3rd period - Deflect By Tomas Kurka.
18:04 of 3rd period - Shot Blocked by Dennis Everberg.
18:04 of 3rd period - Puck is out of play.
18:05 of 3rd period - Melker Karlsson wins face-off versus Jean-Gabriel Pageau in Harfangs zone.
18:28 of 3rd period - Zack Stortini is hit by Dennis Everberg and loses puck.
19:28 of 3rd period - Slapshot by Alex Killorn.
19:28 of 3rd period - Shot Misses the Net.
19:30 of 3rd period - Wrist shot by Roman Cervenka.
19:30 of 3rd period - Stopped by Marek Schwarz with a rebound.
19:34 of 3rd period - Slapshot by Tomas Tatar.
19:34 of 3rd period - Shot Misses the Net.
19:41 of 3rd period - Icing by Ryan Wilson.
19:42 of 3rd period - Brandon Pirri wins face-off versus Zenon Konopka in Patriotes zone.
19:47 of 3rd period - Wrist shot by Dennis Everberg.
19:47 of 3rd period - Stopped by Marek Schwarz with a rebound.
Goals for this period are 1 for Harfangs vs 0 for Patriotes.
Shots for this period are 12 for Harfangs vs 12 for Patriotes.
Back to the Top